 Dungeon Crawl Stone Soup version 0.27-a0-54-g64bdb92e38 (webtiles) character file.

Game seed: 5358003481836267612

23454 Conn the Thaumaturge (level 13, -2/81 HPs)
             Began as an Octopode Fire Elementalist on Jan 7, 2021.
             Was an Elder of Sif Muna.
             Killed from afar by an ice dragon (24 damage)
             ... with a blast of cold
             ... in an ice cave.
             The game lasted 00:50:16 (21739 turns).

Conn the Thaumaturge (Octopode Fire Elementalist)  Turns: 21739, Time: 00:50:17

Health: -2/81      AC:  5    Str:  7    XL:     13   Next: 6%
Magic:  12/27      EV: 17    Int: 25    God:    Sif Muna [****..]
Gold:   906        SH:  5    Dex: 14    Spells: 13/33 levels left

rFire    + . .     SeeInvis .   M - +1 rapier of Haotiowe {vorpal, rN+ Dex+2} (curse)
rCold    . . .     Faith    .   (no shield)
rNeg     + . .     Spirit   .   (helmet restricted)
rPois    .         Reflect  +   c - amulet of reflection
rElec    .         Harm     .   i - +4 ring of protection
rCorr    .         Rampage  .   j - ring of protection from fire
Will     .....     Clarity  +   (no ring)
Stlth    +++++.....             (no ring)
HPRegen  0.23/turn              (no ring)
MPRegen  0.20/turn              (no ring)
                                (no ring)
                                (no ring)

@: no status effects
A: almost no armour, stealthy swim, amphibious, 8 rings, constrict 8, camouflage
1, clarity, clever 1, gelatinous body 1
a: Renounce Religion, Channel Magic, Forget Spell, Divine Exegesis


You were in an ice cave.
You worshipped Sif Muna.
Sif Muna was greatly pleased with you.
You visited 2 branches of the dungeon, and saw 14 of its levels.
You also visited: Sewer and Ice Cave.

You collected 966 gold pieces.
You spent 60 gold pieces at shops.

Inventory:

Hand Weapons
 f - a +0 dagger
 p - a +2 hand axe of electrocution
 C - a +1 falchion of holy wrath
 G - a +1 dagger of speed
 M - the cursed +1 rapier of Haotiowe (weapon) {vorpal, rN+ Dex+2}
   (You found it on level 12 of the Dungeon)

   It inflicts extra damage upon your enemies.
   It affects your dexterity (+2).
   It protects you from negative energy.
   It has a curse placed upon it.
Missiles
 d - 51 poisoned darts
 r - 10 curare-tipped darts (quivered)
Jewellery
 c - an amulet of reflection (around mantle)
 i - a +4 ring of protection (left tentacle)
 j - a ring of protection from fire (right tentacle)
 w - an uncursed amulet of magic regeneration
Wands
 x - a wand of iceblast (22)
 E - a wand of enslavement (10)
 F - a wand of random effects (33)
 K - a wand of disintegration (17)
 L - a wand of flame (15)
Scrolls
 b - 16 scrolls of identify {unknown}
 g - 2 scrolls of random uselessness {unknown}
 h - 6 scrolls of remove curse
 l - 3 scrolls of teleportation
 m - 6 scrolls of fog {unknown}
 n - 3 scrolls of fear {unknown}
 o - 3 scrolls of enchant weapon {unknown}
 q - a scroll of blinking
 u - 2 scrolls of amnesia {unknown}
 y - a scroll of immolation {unknown}
 D - 2 scrolls of enchant armour {unknown}
Potions
 a - 6 potions of curing
 e - a potion of ambrosia {unknown}
 k - 3 potions of mutation
 s - 2 potions of heal wounds
 t - 2 potions of might
 v - a potion of brilliance
 z - 2 potions of haste
 A - a potion of cancellation
 B - a potion of lignification {unknown}
 H - 2 potions of attraction {unknown}
 I - a potion of invisibility {unknown}
Miscellaneous
 J - a phial of floods


   Skills:
 + Level 4.4 Fighting
 + Level 2.5 Short Blades
 + Level 3.8 Axes
 + Level 1.2 Throwing
 + Level 7.1 Dodging
 + Level 7.7 Stealth
 + Level 3.7 Shields
 + Level 10.9 Spellcasting
 * Level 9.8 Conjurations
 + Level 10.5 Fire Magic
 + Level 1.4 Evocations


You had 13 spell levels left.
You knew the following spells:

 Your Spells              Type           Power        Failure   Level
a - Foxfire               Conj/Fire      100%         1%          1
b - Conjure Flame         Conj/Fire      59%          1%          3
c - Inner Flame           Hex/Fire       40%          1%          3
d - Sticky Flame          Conj/Fire      59%          1%          4
e - Fireball              Conj/Fire      29%          1%          5
f - Iskenderun's Mystic   Conj/Tloc      38%          6%          4

Your spell library contained the following spells:

 Spells                   Type           Power        Failure   Level
 Shock                    Conj/Air       100%         1%          1
 Animate Skeleton         Necr           26%          4%          1
 Pain                     Necr           52%          4%          1
 Fulminant Prism          Conj/Hex       19%          6%          4
 Hailstorm                Conj/Ice       38%          6%          4
 Vampiric Draining        Necr           6%           14%         3
 Animate Dead             Necr           6%           41%         4
 Agony                    Necr           13%          77%         5
 Freezing Cloud           Conj/Ice/Air   15%          87%         6


Dungeon Overview and Level Annotations

Branches:
Dungeon (13/15)            Temple (1/1) D:5            Lair (0/6) D:8
    Orc (0/2) D:10          Sewer (visited)           IceCv (1/1)
 Vaults: D:13-14

Altars:
Ashenzari
Cheibriados
Dithmenos
Elyvilon
Fedhas
Gozag
Hepliaklqana
Kikubaaqudgha
Makhleb
Nemelex Xobeh
Okawaru
Qazlal
Ru
Sif Muna
Trog
Uskayaw
Vehumet
Wu Jian
Xom
Yredelemnul
Zin
The Shining One

Shops:
D:4 !   D:5 (   D:6 }::??

Portals:
Abyss: D:9

Annotations:
D:9 2 transporters, Burgietje's ghost, journeyman GrFi


Innate Abilities, Weirdness & Mutations

You cannot wear most types of armour.
You are very stealthy in the water. (Stealth+)
You are amphibious.
You can wear up to eight rings at the same time.
You can use your tentacles to constrict eight enemies at once.
Your skin changes colour to match your surroundings (Stealth+).
Your rubbery body absorbs attacks. (AC +1, EV +1)
You possess an exceptional clarity of mind.
Your mind is acute. (Int +2)


Message History

The ice dragon is severely wounded.
The fireball engulfs the ice dragon!!
The ice dragon is burned terribly!
The ice dragon is moderately wounded.
The ice dragon breathes frost at you. The blast of cold hits you!!
The ice dragon breathes frost at you. The blast of cold hits you!!
* * * LOW HITPOINT WARNING * * *
Casting: Fireball (dangerous; 1% risk of failure)
Confirm with . or Enter, or press ? or * to list all spells.
Aiming: Fireball (dangerous; 1% risk of failure)
Press: ? - help, Shift-Dir - straight line, f/p - ice dragon
Aim: an ice dragon (severely wounded)
The fireball explodes!
The fireball engulfs the ice dragon!!
The ice dragon is burned terribly!
The ice dragon is almost dead.
The ice dragon breathes frost at you.
The blast of cold hits the ice dragon.
The ice dragon resists.
The blast of cold hits you!!
You die...

.##....≈≈≈#
..##..#≈≈≈#$"...#
#..#.## ≈# .....
##...# .... ##.##
.D.## .#.# ..D#
## .# .D# .# ##.#
.# ##@.# ## #...#
#####..#
##...#.##
#..#...# ##.##..#
#..#.## ###.###
##...#


You could see 2 ice dragons.

Vanquished Creatures
  A hydra (D:11)
  Harold (D:10)
  A two-headed ogre (D:10)
  3 skeletal warriors (D:11)
  3 unseen horrors
  An ugly thing (D:12)
  2 ice statues (IceCv)
  Psyche (D:8)
  Joseph (D:9)
  Maggie (D:8)
  A kobold demonologist (D:11)
  4 rime drakes
  A polar bear (D:12)
  A hornet (D:11)
  A vampire (D:12)
  A wyvern (D:12)
  A centaur simulacrum (D:12)
  31 yaks
  A wraith (D:12)
  A basilisk (D:12)
  A soldier ant (D:9)
  3 orc warriors
  11 sky beasts
  21 ice beasts
  A swamp drake (D:10)
  4 phantoms
  A necrophage (D:6)
  6 ogres
  7 centaurs
  A wolf (D:12)
  5 big kobolds
  A gnoll sergeant (D:8)
  A wyvern zombie (D:12)
  6 bullfrogs
  A water moccasin zombie (D:6)
  A scorpion (D:10)
  18 killer bees
  12 wights
  2 electric eels
  7 howler monkeys
  2 bullfrog zombies
  2 centaur zombies
  5 hounds
  7 orc priests
  4 bullfrog skeletons
  5 jellies
  8 orc wizards
  Crazy Yiuf (D:5)
  Terence (D:3)
  2 iguanas
  11 worker ants
  2 hound skeletons
  4 worker ant zombies
  3 gnolls (D:8)
  9 adders
  2 howler monkey skeletons
  3 river rats (Sewer)
  5 shadow imps
  2 white imps
  5 ufetubi
  3 oozes
  An adder zombie (D:5)
  An adder skeleton (D:6)
  10 leopard geckos
  33 orcs
  7 bats
  6 giant cockroaches
  3 goblins
  7 hobgoblins
  6 jackals
  38 kobolds
  2 quokkas
  4 ball pythons
  7 frilled lizards
  A leopard gecko skeleton (D:4)
  A quokka skeleton (D:4)
  29 rats
410 creatures vanquished.

Vanquished Creatures (others)
  1263 foxfires
1263 creatures vanquished.

Grand Total: 1673 creatures vanquished

Notes
Turn   | Place    | Note
-------+----------+-------------------------------------------
     0 | D:1      | Conn the Octopode Fire Elementalist began the quest for the
                  | Orb.
     0 | D:1      | Reached XP level 1. HP: 11/11 MP: 3/3
   549 | D:1      | Reached XP level 2. HP: 17/17 MP: 5/5
  1356 | D:2      | Found a bloodstained altar of Trog.
  1636 | D:2      | Found a shadowy altar of Dithmenos.
  1747 | D:2      | Found a shadowy altar of Dithmenos.
  1812 | D:2      | Reached XP level 3. HP: 21/21 MP: 1/6
  1967 | D:2      | Found a blossoming altar of Fedhas.
  2420 | D:3      | Noticed Terence
  2449 | D:3      | HP: 1/21 [Terence/+2 hand axe of electrocution (20)]
  2450 | D:3      | Killed Terence
  2451 | D:3      | Reached XP level 4. HP: 2/27 MP: 4/8
  2548 | D:3      | Found a glowing drain.
  2565 | Sewer    | Entered a sewer
  2913 | Sewer    | Reached XP level 5. HP: 31/31 MP: 5/9
  3037 | Sewer    | Noticed a big kobold
  3073 | Sewer    | Killed a big kobold
  3206 | Sewer    | Noticed a big kobold
  3245 | Sewer    | Killed a big kobold
  3246 | Sewer    | Reached XP level 6. HP: 33/36 MP: 5/11
  4105 | D:3      | Noticed a sky beast
  4123 | D:3      | Found a snail-covered altar of Cheibriados.
  4326 | D:2      | Learned a level 3 spell: Conjure Flame
  4330 | D:2      | Learned a level 3 spell: Inner Flame
  4335 | D:2      | Learned a level 4 spell: Sticky Flame
  4349 | D:3      | Killed a sky beast
  4546 | D:4      | Reached XP level 7. HP: 41/41 MP: 10/13
  4611 | D:4      | Found Soaxiotiul's Distillery.
  4659 | D:4      | Bought a potion of heal wounds for 60 gold pieces
  5197 | D:4      | Found a white marble altar of Elyvilon.
  5293 | D:4      | Reached skill level 1 in Axes
  5293 | D:4      | Reached skill level 1 in Shields
  5597 | D:5      | Entered Level 5 of the Dungeon
  5634 | D:5      | Reached skill level 5 in Spellcasting
  5634 | D:5      | Reached skill level 5 in Fire Magic
  5634 | D:5      | Reached XP level 8. HP: 39/47 MP: 15/15
  5778 | D:5      | Found a runed translucent door.
  5779 | D:5      | Noticed Crazy Yiuf
  5786 | D:5      | Killed Crazy Yiuf
  5968 | D:5      | Reached skill level 1 in Fighting
  6113 | D:5      | You fall into a shaft and drop 1 floor!
  6157 | D:6      | Gained mutation: Your mind is acute. (Int +2) [potion of
                  | mutation]
  6157 | D:6      | Gained mutation: You possess an exceptional clarity of
                  | mind. [potion of mutation]
  6157 | D:6      | Found Alemege's Magic Scroll Shop.
  6618 | D:6      | Reached skill level 5 in Stealth
  6631 | D:6      | Reached XP level 9. HP: 54/54 MP: 13/18
  6692 | D:6      | Found Gosyofeo's Magic Scroll Shop.
  6944 | D:6      | Found Onte's Book Shoppe.
  7552 | D:5      | Reached skill level 5 in Conjurations
  7647 | D:5      | Found Elatit's Antique Weapon Boutique.
  7665 | D:5      | Found a hazy altar of Hepliaklqana.
  7967 | D:5      | Found a staircase to the Ecumenical Temple.
  7973 | Temple   | Entered the Ecumenical Temple
  7995 | Temple   | Became a worshipper of Sif Muna the Loreminder
  8260 | D:6      | Found Yhytom's Book Emporium.
  8284 | D:6      | Found Wastriasa's Gadget Shop.
  8836 | D:7      | Found a shimmering altar of Xom.
  8840 | D:7      | Found a stormy altar of Qazlal.
  8912 | D:7      | Found a glowing silver altar of Zin.
  8913 | D:7      | Found an opulent altar of Gozag.
  9192 | D:8      | Noticed Maggie
  9314 | D:8      | Learned a level 5 spell: Fireball
  9341 | D:8      | Noticed an unseen horror
  9344 | D:8      | Killed an unseen horror
  9570 | D:8      | Reached XP level 10. HP: 60/60 MP: 18/20
  9616 | D:8      | Noticed Psyche
  9621 | D:8      | Killed Psyche
  9968 | D:8      | Found a burning altar of Makhleb.
 10035 | D:8      | Found a staircase to the Lair.
 10530 | D:8      | Reached skill level 5 in Dodging
 10660 | D:8      | Killed Maggie
 10738 | D:8      | Reached * piety under Sif Muna
 11646 | D:9      | Noticed Joseph
 11692 | D:9      | Found a transporter.
 12154 | D:9      | Found a transporter.
 12154 | D:9      | Noticed a toenail golem
 12176 | D:9      | Found a one-way gate to the infinite horrors of the Abyss.
 12176 | D:9      | Noticed Burgietje's ghost (journeyman GrFi)
 12176 | D:9      | Noticed a toenail golem
 12294 | D:9      | Found a glowing silver altar of Zin.
 12333 | D:9      | Killed Joseph
 12679 | D:10     | Entered Level 10 of the Dungeon
 12889 | D:10     | Noticed Harold
 13208 | D:10     | Reached skill level 1 in Evocations
 13217 | D:10     | Reached XP level 11. HP: 42/66 MP: 15/23
 13421 | D:10     | Found a shadowy altar of Dithmenos.
 13519 | D:10     | Noticed a two-headed ogre
 13541 | D:10     | Killed a two-headed ogre
 13542 | D:10     | Reached skill level 1 in Short Blades
 13752 | D:10     | Reached ** piety under Sif Muna
 13849 | D:10     | Reached skill level 1 in Throwing
 14041 | D:10     | Killed Harold
 14879 | D:10     | Found a staircase to the Orcish Mines.
 15147 | D:11     | Reached *** piety under Sif Muna
 15505 | D:11     | Noticed a skeletal warrior
 15505 | D:11     | Noticed a skeletal warrior
 15506 | D:11     | Noticed a skeletal warrior
 15517 | D:11     | HP: 2/67 [skeletal warrior/+0 short sword[a skeletal
                  | warrior] (22)]
 15532 | D:11     | Killed a skeletal warrior
 15851 | D:11     | Killed a skeletal warrior
 15899 | D:11     | Killed a skeletal warrior
 15900 | D:11     | Reached XP level 12. HP: 9/74 MP: 1/25
 16203 | D:11     | Noticed a four-headed hydra
 16221 | D:11     | Killed a four-headed hydra
 16764 | D:11     | Reached **** piety under Sif Muna
 17034 | D:11     | Reached skill level 10 in Spellcasting
 18650 | D:12     | Reached skill level 10 in Fire Magic
 18907 | D:12     | Got a transparent rapier
 18908 | D:12     | Identified the cursed +1 rapier of Haotiowe {vorpal, rN+
                  | Dex+2} (You found it on level 12 of the Dungeon)
 20053 | D:12     | Noticed an eight-headed hydra
 20853 | D:13     | Found a frozen archway.
 20862 | IceCv    | Entered an ice cave
 21155 | IceCv    | Reached XP level 13. HP: 65/81 MP: 20/27
 21438 | IceCv    | Reached ***** piety under Sif Muna
 21438 | IceCv    | Identified Sif Muna's Guide on Arcane Weapons (Sif Muna
                  | gifted it to you in an ice cave)
 21438 | IceCv    | Received a gift from Sif Muna
 21445 | IceCv    | Learned a level 4 spell: Iskenderun's Mystic Blast
 21734 | IceCv    | Noticed an ice dragon
 21735 | IceCv    | Noticed an ice dragon
 21739 | IceCv    | Killed from afar by an ice dragon

Illustrated notes

Levels and vault maps discovered:
D:1:      roderic_octagonal_star, layout_basic
D:2:      layout_loops_ring, lemuel_coloured_pillars_altar,
          lemuel_crystal_altar, old_standard_altar,
          nicolae_dithmenos_shadow_blocks
D:3:      layout_basic, nicolae_overflow_crystal_walls, gup_sewer_entry_pipe,
          uniq_terence
D:4:      layout_loops_ring, serial_shops, nicolae_shop_trees, elyvilon_altar_3
D:5:      layout_loops_corners, nzn_hepliaklqana_mist_gate,
          minmay_temple_entry_fiery, serial_shops, shop, chequers_mini_garden,
          uniq_crazy_yiuf_cottage
D:6:      layout_basic, serial_shops, nicolae_shop_behind_doors, shop,
          nicolae_shop_stone, shop, shop
D:7:      layout_rooms, grunt_temple_overflow_gold_and_silver, minitemple,
          nrook_pool_corridor
D:8:      minmay_four_partial_circles, layout_loops_corners,
          general_overflow_altar, lair_entry_dummy, uniq_maggie, uniq_psyche
D:9:      layout_loops_ring, gammafunk_ghost_abyssal_escape, basic_altar,
          uniq_joseph
D:10:     layout_cave_pods, erik_orc_1, basic_altar, uniq_harold
D:11:     layout_roguey, nicolae_two_hexagons
D:12:     layout_grid_maze, serial_ice, serial_ice_g, serial_ice_e,
          serial_ice_k, serial_ice_a
D:13:     layout_grid_maze, portal_ice_cave_rime, enter_bailey_2, serial_shops,
          shop, uniq_nessos
Temple:   minmay_temple_bridge_abc
IceCv:    ice_cave_small_dragons

Skill      XL: |  1  2  3  4  5  6  7  8  9 10 11 12 |
---------------+-------------------------------------+-----
Stealth        | 3 4 5 6 7 |  7.7
Conjurations   | 2 3 4 5 7 8 9 |  9.8
Spellcasting   | 3 4 5 6 7 8 9 10 | 10.9
Fire Magic     | 4 5 6 8 9 10 | 10.5
Axes           | 1 3 |  3.8
Shields        | 1 2 3 |  3.7
Dodging        | 3 4 5 6 7 |  7.1
Fighting       | 1 2 3 4 |  4.4
Evocations     | 1 |  1.4
Short Blades   | 1 2 |  2.5
Throwing       | 1 |  1.2

Action                   |  1- 3 |  4- 6 |  7- 9 | 10-12 | 13-15 || total
-------------------------+-------+-------+-------+-------+-------++-------
Melee: Unarmed           |     3 |       |       |       |       ||     3
       Constrict         |     3 |     3 |    13 |    23 |       ||    42
       Tentacles         |     2 |     4 |    14 |    31 |     1 ||    52
       Dagger            |     6 |       |       |   148 |       ||   154
       Hand axe          |       |    11 |    80 |    10 |       ||   101
       Rapier            |       |       |       |    25 |     6 ||    31
Throw: Dart              |       |       |       |     5 |       ||     5
 Cast: Foxfire           |    49 |   112 |   180 |   349 |    24 ||   714
       Sticky Flame      |       |     1 |    12 |    73 |     3 ||    89
       Conjure Flame     |       |       |     3 |    19 |     3 ||    25
       Fireball          |       |       |       |    39 |     6 ||    45
Evoke: Wand              |       |       |       |     7 |       ||     7
       Phial of floods   |       |       |       |     1 |       ||     1
  Use: Potion            |       |     1 |     3 |     6 |       ||    10
       Scroll            |       |       |     3 |     7 |       ||    10
 Stab: Sleeping          |     1 |     1 |     7 |     9 |       ||    18
       Paralysed         |       |       |       |     2 |       ||     2
Armor: Skin              |     8 |     7 |    22 |    44 |     1 ||    82
Dodge: Dodged            |    18 |    28 |    91 |   203 |     6 ||   346
Block: Other             |     6 |    11 |    36 |    83 |       ||   136
       Reflection        |       |     2 |       |     3 |       ||     5

Table legend: (Time is in decaauts)
 A = Elapsed time spent in this place.
 B = Non-inter-level travel time spent in this place.
 C = Inter-level travel time spent in this place.
 D = Time resting spent in this place.
 E = Time spent auto-exploring this place.
 F = Levels seen in this place.
 G = Mean time per level.
                   A        B        C        D        E       F      G
               +--------+--------+--------+--------+--------+-----+--------+
         Total |  21729 |  21250 |    479 |   5558 |  10542 |  16 | 1358.1 |
       Dungeon |  19545 |  19085 |    460 |   4815 |   9722 |  13 | 1503.5 |
        Temple |     41 |     22 |     19 |      0 |     11 |   1 |   41.0 |
         Sewer |   1264 |   1264 |      0 |    342 |    540 |   1 | 1264.0 |
      Ice Cave |    877 |    877 |      0 |    401 |    269 |   1 |  877.0 |
               +--------+--------+--------+--------+--------+-----+--------+

Top non-repeatable levels by time:
    D:11: 3201 daAuts
    D:12: 2574 daAuts
    D:10: 2119 daAuts
     D:9: 1969 daAuts
     D:8: 1732 daAuts
     D:5: 1659 daAuts
     D:2: 1299 daAuts
   Sewer: 1264 daAuts
     D:1: 1204 daAuts
     D:4: 1060 daAuts
     D:6: 973 daAuts
     D:7: 905 daAuts
   IceCv: 877 daAuts
     D:3: 773 daAuts
    D:13: 72 daAuts
